Map: Ephemeron LE

Players

thermostaat (uThermal)

  • Race: Terran Terran
  • Spawn Location: 5:00

Neeb - Winner!

  • Race: Protoss Protoss
  • Spawn Location: 11:00

Event: Cheeseadelphia XI, Cheeseadelphia XI

VOD

Have the link to the VOD?

Description

Time

  • Played on: Dec. 14, 2019, 6:26 p.m.
  • Length: 14:58

All games in this series

Show
View Real Time Build Order
Export as new Build Order

thermostaat Terran 

Build Orders: Reaper Expand 

Get SALT Encoding   

  12  0:01  SCV  
  13  0:13  SCV  
  14  0:17  Supply Depot  
  14  0:25  SCV  
  15  0:39  SCV  
  15  0:41  Barracks  
  16  0:43  Refinery  
  16  0:51  SCV  
  17  1:03  SCV  
  18  1:15  SCV  
  19  1:28  Reaper  
  19  1:29  Orbital Command  
  20  1:41  Command Center  
  20  1:55  SCV  
  20  1:59  Supply Depot  
  20  2:00  Marine  
  22  2:07  SCV  
  23  2:14  Factory  
  23  2:21  Barracks Reactor, SCV  
  24  2:33  SCV  
  24  2:34  Bunker  
  24  2:36  Refinery  
  25  2:45  SCV  
  26  2:55  Orbital Command  
  26  2:57  SCV  
  27  3:00  Marine x2  
  27  3:01  Starport  
  29  3:07  Widow Mine  
  29  3:11  SCV  
  32  3:18  Marine x2  
  34  3:21  SCV  
  34  3:23  SCV  
  36  3:28  Widow Mine  
  36  3:33  SCV  
  39  3:35  SCV  
  39  3:36  Marine x2  
  39  3:37  Viking  
  44  3:43  Supply Depot  
  44  3:47  SCV x2  
  45  3:51  Barracks  
  45  3:54  Marine  
  46  4:03  Barracks  
  46  4:04  SCV x2, Marine  
  46  4:08  Supply Depot  
  49  4:10  Factory Tech Lab, Starport Tech Lab  
  49  4:16  SCV  
  50  4:19  Engineering Bay  
  50  4:20  SCV  
  50  4:21  Marine  
  50  4:22  Marine  
  53  4:26  Refinery  
  53  4:29  SCV  
  54  4:34  SCV  
  54  4:37  Supply Depot, Starport Reactor  
  55  4:39  Marine  
  55  4:40  Marine  
  55  4:41  SCV  
  55  4:42  Factory Reactor  
  58  4:45  Stimpack  
  58  4:46  Marine  
  58  4:48  SCV  
  58  4:52  Terran Infantry Weapons Level 1  
  60  4:53  SCV  
  60  4:57  Marine  
  60  4:58  Supply Depot  
  60  4:59  Marine  
  63  5:00  SCV  
  63  5:02  Marauder  
  63  5:05  Marauder  
  68  5:07  Combat Shield  
  68  5:11  Supply Depot  
  68  5:12  SCV  
  68  5:13  SCV  
  70  5:20  Marine x2  
  72  5:21  Medivac  
  72  5:22  Medivac  
  74  5:30  Marauder x2  
  74  5:33  Widow Mine x2  
  74  5:35  Supply Depot  
  82  5:39  Supply Depot  
  82  5:43  Supply Depot  
  82  5:44  Marine  
  83  5:51  Marauder  
  83  5:52  SCV  
  83  5:53  Refinery  
  83  5:56  SCV  
  93  5:57  Marauder, Widow Mine x2  
  93  6:01  Medivac  
  95  6:05  Supply Depot  
  95  6:06  Marine  
  95  6:07  Marine  
  97  6:13  Marauder  
  97  6:18  Marauder, Widow Mine  
  103  6:19  Widow Mine  
  103  6:24  Marine x2  
  107  6:26  Concussive Shells  
  107  6:31  Supply Depot  
  107  6:32  Medivac  
  109  6:34  Marauder  
  110  6:42  Supply Depot  
  110  6:43  Widow Mine x2  
  110  6:45  Command Center  
  110  6:46  Marine  
  115  6:48  Supply Depot  
  115  6:49  Marine  
  114  6:59  Marauder  
  114  7:00  SCV  
  113  7:02  Viking x2  
  113  7:05  Terran Infantry Armor Level 1  
  113  7:07  SCV  
  117  7:11  Marauder, Marine x2  
  121  7:16  Barracks  
  121  7:19  Marine  
  122  7:32  Viking  
  122  7:33  Viking, Marauder  
  122  7:36  Marine  
  129  7:37  Supply Depot  
  129  7:38  Marauder  
  129  7:42  Marine  
  132  7:47  Barracks  
  132  7:49  Supply Depot  
  132  7:54  Marauder, Marine  
  135  7:59  Marauder  
  135  8:00  Marine  
  135  8:02  Viking  
  135  8:03  Viking  
  135  8:05  Barracks Tech Lab  
  142  8:10  Missile Turret, Supply Depot  
  142  8:12  Marine  
  141  8:21  Marauder x2  
  141  8:29  Marauder, Marine  
  141  8:32  Viking  
  141  8:34  Orbital Command, SCV  
  147  8:35  Viking  
  147  8:40  Marine x2  
  149  8:43  Marauder  
  152  8:48  SCV  
  152  8:51  Marauder x2  
  156  8:59  Marine  
  157  9:04  Marauder, Marine  
  160  9:10  Viking  
  160  9:12  Viking  
  160  9:13  Marauder x2  
  166  9:18  Marine  
  166  9:23  Marine  
  168  9:25  Marauder  
  168  9:29  Marine  
  171  9:34  Marauder x2  
  164  9:40  Marine  
  164  9:42  Marine  
  152  9:47  Marauder  
  152  9:48  Marine  
  152  9:51  Marine  
  129  9:55  Marauder x2  
  129  9:57  Medivac  
  109  10:07  Marine  
  109  10:08  Marauder  
  109  10:14  Marine  
  94  10:17  Marauder x2, Medivac  
  94  10:21  Marine x2  
  95  10:28  Marine  
  95  10:30  Marauder  
  94  10:38  Marauder  
  94  10:41  Marine  
  94  10:42  Marauder, Marine  
  88  10:43  Marine  
  88  10:45  Medivac  
  88  10:49  Medivac  
  93  10:51  Marauder  
  93  10:55  Marine  
  96  10:59  Marauder  
  96  11:01  Marine x2  
  96  11:03  SCV, Marauder  
  103  11:12  Marauder  
  103  11:13  Marine x2  
  103  11:15  Medivac  
  109  11:20  SCV x2  
  109  11:21  Marauder  
  109  11:24  Marine  
  109  11:25  Marauder  
  113  11:39  Marauder, Marine  
  81  11:47  Marauder, Marine  
  65  11:54  Marauder, Marine x2  
  65  11:57  Marine  
  70  12:03  SCV x2  
  70  12:05  Marine  
  73  12:09  Marine  
  73  12:10  Marine  
  73  12:12  SCV  
  73  12:15  SCV  
  77  12:16  SCV  
  77  12:20  Liberator  
  77  12:22  Marauder  
  80  12:24  SCV  
  80  12:27  Liberator  
  80  12:29  Marauder x2, Marine  
  86  12:32  SCV  
  86  12:33  SCV  
  88  12:41  SCV  
  92  12:44  SCV  
  92  12:45  SCV  
  92  12:47  Marauder  
  92  12:50  Marauder  
  101  12:53  Marauder, Marine  
  101  12:57  Marine  
  104  13:03  Liberator  
  104  13:06  Ghost Academy  
  104  13:07  Marine  
  104  13:09  Marauder  
  104  13:10  Liberator  
  104  13:12  Marauder  
  107  13:15  Marauder  
  107  13:17  Refinery  
  107  13:18  SCV x2  
  111  13:20  Marine  
  111  13:23  SCV  
  118  13:30  SCV x2  
  118  13:31  Refinery  
  126  13:35  SCV  
  126  13:37  Missile Turret  
  126  13:39  Ghost  
  126  13:40  Ghost  
  126  13:42  SCV  
  126  13:44  Marine x3  
  126  13:45  Marauder  
  126  13:48  SCV, Supply Depot, Marine  
  134  14:02  Marine  
  135  14:03  Command Center  
  135  14:05  Viking  
  135  14:09  Marine  
  137  14:10  Viking  
  137  14:14  Marauder, Marine  
  137  14:17  Marauder, Marine  
  144  14:24  Marine  
  144  14:25  Marauder  
  147  14:32  Marine  
  147  14:34  Marine  
  147  14:36  Marauder  
Show
View Real Time Build Order
Export as new Build Order

Neeb Protoss - Winner!

Build Orders: 1 Gate Expand, Oracle Opening, Archon Immortal, Colossus Rush 

Get SALT Encoding   

  12  0:00  Probe  
  13  0:12  Probe  
  14  0:18  Pylon  
  14  0:24  Probe (Chrono Boost)  
  15  0:36  Gateway  
  15  0:37  Probe (Chrono Boost)  
  16  0:44  Probe (Chrono Boost)  
  16  0:45  Assimilator  
  17  0:51  Probe  
  18  1:03  Probe  
  19  1:15  Probe  
  20  1:22  Nexus  
  20  1:32  Cybernetics Core  
  20  1:35  Probe  
  21  1:40  Assimilator  
  21  1:47  Probe  
  21  1:51  Pylon  
  22  1:59  Probe (Chrono Boost)  
  23  2:06  Adept (Chrono Boost)  
  23  2:11  Probe (Chrono Boost)  
  26  2:16  Probe (Chrono Boost)  
  26  2:20  Stargate  
  27  2:26  Probe  
  28  2:30  Warp Gate  
  28  2:35  Probe  
  29  2:38  Stalker, Probe  
  32  2:47  Probe  
  32  2:50  Probe (Chrono Boost)  
  34  2:59  Probe (Chrono Boost)  
  34  3:02  Oracle (Chrono Boost)  
  39  3:08  Probe (Chrono Boost)  
  39  3:09  Probe (Chrono Boost)  
  39  3:10  Pylon  
  40  3:14  Probe (Chrono Boost)  
  40  3:15  Probe (Chrono Boost)  
  42  3:25  Probe  
  42  3:26  Probe  
  44  3:29  Gateway  
  44  3:30  Gateway  
  44  3:34  Oracle  
  44  3:37  Probe  
  44  3:38  Probe  
  49  3:49  Probe, Assimilator  
  49  3:50  Probe  
  49  3:51  Assimilator  
  49  3:54  Pylon  
  51  4:01  Probe  
  52  4:02  Probe  
  52  4:09  Nexus  
  53  4:13  Probe  
  51  4:17  Robotics Facility  
  51  4:18  Probe  
  52  4:26  Pylon, Sentry x2  
  52  4:30  Probe  
  52  4:31  Probe, Forge  
  58  4:34  Stalker  
  60  4:42  Probe  
  60  4:43  Probe  
  62  4:47  Pylon  
  62  4:52  Stalker  
  62  4:53  Stalker  
  62  4:54  Probe  
  62  4:57  Pylon, Probe  
  68  5:06  Probe  
  70  5:07  Observer (Chrono Boost)  
  70  5:08  Robotics Bay  
  70  5:09  Probe  
  70  5:10  Protoss Ground Armor Level 1 (Chrono Boost)  
  71  5:17  Immortal (Chrono Boost)  
  71  5:18  Probe  
  76  5:21  Probe  
  76  5:25  Probe  
  78  5:29  Gateway  
  78  5:30  Probe  
  78  5:32  Sentry, Gateway  
  81  5:36  Gateway  
  81  5:37  Probe  
  81  5:38  Probe  
  83  5:49  Pylon  
  83  5:52  Colossus (Chrono Boost)  
  83  5:53  Probe x2  
  83  5:54  Probe  
  92  6:03  Assimilator  
  92  6:05  Extended Thermal Lance, Probe  
  92  6:06  Probe  
  92  6:07  Assimilator  
  92  6:09  Stalker x3, Pylon  
  101  6:11  Probe  
  101  6:16  Shield Battery  
  101  6:17  Probe  
  102  6:24  Pylon  
  102  6:25  Pylon  
  102  6:31  Colossus (Chrono Boost)  
  102  6:35  Stalker  
  102  6:39  Stalker  
  112  6:53  Stalker x3  
  112  6:54  Stalker  
  120  7:06  Pylon, Twilight Council  
  120  7:07  Probe  
  120  7:08  Protoss Ground Weapons Level 1 (Chrono Boost)  
  119  7:16  Gateway  
  119  7:18  Gateway  
  119  7:20  Stalker x5  
  119  7:21  Zealot  
  131  7:24  Shield Battery  
  131  7:25  Warp Prism  
  131  7:27  Forge  
  133  7:46  Charge (Chrono Boost)  
  133  7:51  Nexus  
  133  7:53  Pylon  
  133  7:58  Pylon  
  133  8:00  Pylon  
  133  8:01  Pylon  
  133  8:02  Immortal  
  137  8:05  Protoss Ground Armor Level 2 (Chrono Boost)  
  137  8:06  Zealot  
  137  8:07  Zealot  
  137  8:10  Pylon  
  137  8:12  Pylon  
  141  8:17  Templar Archives  
  141  8:24  Probe x2  
  132  8:32  Probe (Chrono Boost)  
  133  8:36  Probe x2 (Chrono Boost)  
  139  8:41  Immortal  
  139  8:43  Probe (Chrono Boost)  
  139  8:45  Probe x2 (Chrono Boost), Robotics Facility  
  139  8:48  Probe (Chrono Boost)  
  142  8:50  Protoss Ground Weapons Level 2 (Chrono Boost), Probe x2 (Chrono Boost)  
  145  8:58  Psionic Storm  
  145  9:02  High Templar x3  
  151  9:08  Zealot x5  
  161  9:14  Archon  
  161  9:20  Immortal, Shield Battery  
  161  9:22  Shield Battery  
  165  9:24  Shield Battery  
  165  9:30  High Templar, Zealot  
  165  9:31  Zealot x3  
  173  9:41  Archon, Zealot x3  
  140  9:46  Colossus  
  140  9:49  Colossus  
  140  9:51  Zealot  
  140  9:52  Zealot x3  
  136  10:04  Zealot x3  
  117  10:12  Zealot x4  
  95  10:16  Zealot  
  84  10:25  Zealot x3  
  88  10:33  Zealot  
  88  10:34  Zealot x2  
  64  10:43  Stalker x2  
  64  10:48  High Templar  
  64  10:49  High Templar, Sentry  
  68  10:53  Archon  
  68  10:54  High Templar x2  
  68  10:55  Sentry  
  74  10:59  Archon  
  74  11:05  Zealot  
  74  11:09  Stalker  
  78  11:12  Stalker x2  
  82  11:21  Zealot x3  
  88  11:32  Zealot x3  
  92  11:38  Zealot x2  
  64  11:54  Stalker x5  
  74  12:03  High Templar x2, Sentry, Observer  
  83  12:08  Archon  
  83  12:13  Nexus  
  78  12:18  Sentry x2  
  78  12:19  Sentry  
  84  12:26  Probe x2  
  84  12:27  Probe  
  87  12:34  Stalker  
  87  12:35  Stalker  
  91  12:38  Probe  
  91  12:39  Probe x2  
  94  12:44  Zealot  
  94  12:45  Zealot  
  98  12:52  Probe  
  98  12:53  Probe  
  100  13:00  Stalker  
  100  13:03  Stalker  
  104  13:06  Probe x2  
  107  13:18  Zealot x4  
  115  13:25  High Templar x2  
  115  13:26  Zealot  
  120  13:29  Zealot  
  122  13:35  Immortal (Chrono Boost)  
  122  13:39  Immortal (Chrono Boost)  
  126  13:46  Probe  
  126  13:47  Probe x3  
  134  13:53  Assimilator  
  134  13:58  Probe  
  134  13:59  Probe x2, Zealot x3  
  143  14:06  High Templar x2  
  143  14:08  Warp Prism (Chrono Boost)  
  147  14:14  Zealot  
  151  14:23  Zealot  
  151  14:24  Assimilator, Zealot x3  
  159  14:37  Stalker  
  159  14:38  Stalker  
Tags
 
Add a new tag
Caveats
  • Supply blocks, unpowered buildings, or Contaminate may cause inaccurate times.
  • Supply counts are checked every 10 seconds.